 Dungeon Crawl Stone Soup version 0.17.0-7-gfadd4cc (webtiles) character file.

11738 tp1 the Eclecticist (level 11, -3/48 HPs)
             Began as a Deep Elf Conjurer on Nov 8, 2015.
             Was a Priest of Vehumet.
             Killed by the air
             ... invoked by Gastronok
              (23 damage)
             ... on level 1 of the Lair of Beasts.
             The game lasted 01:20:21 (12102 turns).

tp1 the Eclecticist (Deep Elf Conjurer)            Turns: 12102, Time: 01:20:21

Health: -3/48      AC:  9    Str:  5    XL:     11   Next: 53%
Magic:  0/32       EV: 15    Int: 24    God:    Vehumet [***...]
Gold:   580        SH:  0    Dex: 17    Spells: 7 memorised, 21 levels left

rFire  . . .     SeeInvis +     O - +3 shortbow
rCold  + . .     Clarity  .     W - +1 robe {MR+}
rNeg   . . .     SustAt   .     (shield currently unavailable)
rPois  .         Gourm    .     (helmet restricted)
rElec  .         Spirit   .     N - +0 cloak
rCorr  .         Warding  .     D - +0 pair of gloves
rMut   .         Stasis   .     (no boots)
MR     ++...                    (no amulet)
Stlth  +++.......               q - ring of see invisible
                                m - +4 ring of protection

@: very resistant to hostile enchantments, fairly stealthy
A: beak, talons 2, agile 1, blurry vision 1, cold resistance 1, frail 1, spit
poison 1
a: Spit Poison, Renounce Religion


You were on level 1 of the Lair of Beasts.
You worshipped Vehumet.
Vehumet was most pleased with you.
You were hungry.

You visited 3 branches of the dungeon, and saw 12 of its levels.

You collected 580 gold pieces.

Inventory:

Hand Weapons
 f - a +3 halberd
 x - the +4 spear of Theory {speed, rF+}
   (You took it off an orc wizard on level 4 of the Dungeon)

   Attacks with this weapon are significantly faster.
   It protects you from fire.
 O - a +3 shortbow (weapon)
 Y - the +2 trident "Lanekaerch" {pierce, rF+ rC+ MP+9 Str-3 Stlth+}
   (You found it on level 10 of the Dungeon)

   It inflicts extra damage upon your enemies.
   It affects your strength (-3).
   It protects you from fire.
   It protects you from cold.
   It affects your magic capacity (+9).
   It makes you more stealthy.
Missiles
 a - 12 arrows (quivered)
Armour
 r - a +0 large shield
 D - a +0 pair of gloves (worn)
 K - a +1 helmet
 N - a +0 cloak (worn)
 W - a +1 robe of magic resistance (worn)
Jewellery
 j - an uncursed ring of sustain attributes
 m - a +4 ring of protection (left hand)
 q - a ring of see invisible (right hand)
 u - a +2 ring of protection
 v - an uncursed ring of teleportation
 C - an uncursed ring of protection from fire
Wands
 s - a wand of slowing (36)
 E - a wand of slowing (13)
 J - a wand of polymorph (4)
 R - a wand of lightning (9)
 U - a wand of digging (11)
 V - a wand of fire (7)
Scrolls
 d - a scroll of fog {unknown}
 h - 3 scrolls of teleportation
 l - a scroll of enchant armour
 n - 3 scrolls of fear
 p - 4 scrolls of blinking
 y - 2 scrolls of enchant weapon
 F - a scroll of amnesia {unknown}
 M - a scroll of recharging
 Q - 3 scrolls of remove curse
Potions
 e - 4 potions of lignification
 g - 4 potions of agility
 i - 4 potions of heal wounds
 k - 3 potions of curing
 t - 2 potions of degeneration
 w - a potion of invisibility
 A - a potion of resistance
 G - a potion of haste
 P - 2 potions of flight
 X - a potion of cure mutation {unknown}
Books
 b - a book of Conjurations

   Spells                             Type                      Level
   a - Magic Dart                     Conjuration                  1
   b - Searing Ray                    Conjuration                  2
   c - Dazzling Spray                 Conjuration/Hexes            3
   d - Fulminant Prism                Conjuration/Hexes            4
   e - Iskenderun's Mystic Blast      Conjuration                  4
   f - Iskenderun's Battlesphere      Conjuration/Charms           5
 L - a book of Unlife

   Spells                             Type                      Level
   a - Recall                         Summoning/Translocation      3
   b - Animate Dead                   Necromancy                   4
   c - Control Undead                 Necromancy                   4
   d - Cigotuvi's Embrace             Necromancy                   5
   e - Death Channel                  Necromancy                   6
   f - Simulacrum                     Ice/Necromancy               6
 Z - a Young Poisoner's Handbook

   Spells                             Type                      Level
   a - Sting                          Conjuration/Poison           1
   b - Cure Poison                    Poison                       2
   c - Mephitic Cloud                 Conjuration/Poison/Air       3
   d - Olgreb's Toxic Radiance        Poison                       4
   e - Venom Bolt                     Conjuration/Poison           5
Miscellaneous
 I - a plain deck of wonders {drawn: 1}
Comestibles
 c - 7 bread rations
 o - a royal jelly
 z - 8 beef jerkies
 B - 2 fruits
 H - a meat ration
 S - a slice of pizza
 T - 10 chunks of flesh


   Skills:
 - Level 5.1 Dodging
 + Level 5.6 Stealth
 - Level 15.0 Spellcasting
 - Level 8.1 Conjurations
 - Level 8.0 Charms
 - Level 10.0 Fire Magic
 - Level 4.0 Poison Magic


You had 21 spell levels left.
You knew the following spells:

 Your Spells              Type           Power        Failure   Level  Hunger
a - Magic Dart            Conj           ####         1%          1    None
b - Searing Ray           Conj           ######       1%          2    None
c - Flame Tongue          Conj/Fire      #####        1%          1    None
d - Iskenderun's Battles  Conj/Chrm      ######..     1%          5    ##.....
e - Mephitic Cloud        Conj/Pois/Air  #####...     1%          3    None
f - Cure Poison           Pois           #####.....   1%          2    None
g - Venom Bolt            Conj/Pois      #####.....   2%          5    ##.....


Dungeon Overview and Level Annotations

Branches:
Dungeon (10/15)            Temple (1/1) D:7            Lair (1/8) D:10
    Orc (0/4) D:9

Altars:
Ashenzari
Cheibriados
Dithmenos
Elyvilon
Fedhas
Gozag
Kikubaaqudgha
Nemelex Xobeh
Okawaru
Qazlal
Sif Muna
Trog
Vehumet
Xom
Yredelemnul
Zin
The Shining One
Beogh

Shops:
D:5 :   D:6 %

Annotations:
Lair:1 Gastronok


Innate Abilities, Weirdness & Mutations

You have a beak for a mouth.
You have razor-sharp toenails.
You are agile. (Dex +2)
Scrolls take you a little longer to read.
Your flesh is cold resistant.
You are frail (-10% HP).
You can spit weak poison.


Message History

Aim: Gastronok, wearing a runed hat (severely wounded, covering ground quickly)
The magic dart hits Gastronok.
Gastronok is almost dead.
Your battlesphere fires!
The barrage of energy hits Gastronok.
Gastronok is almost dead.
Casting: Magic Dart
Confirm with . or Enter, or press ? or * to list all spells.
Aiming: Magic Dart
Press: ? - help, Shift-Dir - straight line, f/p - Gastronok
Aim: Gastronok, wearing a runed hat (almost dead, covering ground quickly)
The magic dart hits Gastronok.
Gastronok is almost dead.
Your battlesphere fires!
The barrage of energy hits Gastronok.
Gastronok is almost dead.
Your battlesphere expends the last of its energy and dissipates.
Gastronok waves his eye-stalks in wide circles.
The air twists around and strikes you!
You die...

####....#.%.......
.......#...#........#.##.
.......#..#..⌠.⌠..#.....⌠.
.......#..#.......#..#....
#...#..+......⌠.........>. ##
.....PP#.............#... ..
.............⌠.⌠.##...# .#
.......##..#.....#..####.##...
........#.......@..w.....†....
.........#......#..##§...#....
##.##P...#..##.#...#....## .
#.................##..*.#
...........#.....###....#
...........###+### ......
............. ......##
..÷........... ..(.....
..........#...


You could see Gastronok.

Vanquished Creatures
  Pikel (D:6)
  The ghost of cireshan the Thaumaturge, a novice DECj of Sif Muna (D:7)
  A black mamba (Lair:1)
  A spiny frog (Lair:1)
  A troll (D:9)
  A komodo dragon (Lair:1)
  Grinder (D:4)
  A two-headed ogre (D:8)
  Prince Ribbit (D:6)
  7 blink frogs (Lair:1)
  Sigmund (D:4)
  12 yaks
  A deep elf mage (D:6)
  A deep elf fighter (D:10)
  4 hungry ghosts
  5 orc warriors
  2 water moccasins
  2 porcupines (Lair:1)
  An eye of draining (D:10)
  2 ice beasts
  A black bear (D:8)
  A sky beast (D:6)
  2 slaves (D:6)
  3 centaurs
  6 ogres
  A wasp (D:9)
  6 crocodiles
  A big kobold (D:9)
  2 jellies
  8 giant frogs
  A water moccasin skeleton (D:7)
  4 killer bees (D:7)
  6 scorpions
  4 wights (D:7)
  3 crimson imps
  A centaur zombie (D:7)
  7 hounds
  A giant frog zombie (D:9)
  Crazy Yiuf (D:6)
  5 orc priests
  2 giant frog skeletons
  7 worker ants
  6 orc wizards
  2 iguanas (Lair:1)
  2 killer bee zombies (D:9)
  A hound skeleton (D:6)
  5 hound zombies
  Robin (D:4)
  3 gnolls (D:5)
  3 river rats (D:10)
  11 adders
  4 adder zombies
  2 oozes
  5 worms
  31 orcs
  4 giant cockroaches
  18 hobgoblins
  17 jackals
  6 quokkas
  3 ball pythons
  9 bats
  A giant cockroach zombie (D:4)
  5 giant geckos
  2 giant gecko skeletons
  A giant gecko zombie (D:4)
  5 giant newts
  17 goblins
  2 jackal skeletons
  13 kobolds
  18 rats
317 creatures vanquished.

Vanquished Creatures (others)
  2 slaves (D:6)
  A centaur (D:7)
  An ooze (D:7)
  A giant gecko (D:6)
  A fulminant prism (D:7)
6 creatures vanquished.

Grand Total: 323 creatures vanquished

Notes
Turn   | Place    | Note
--------------------------------------------------------------
     0 | D:1      | tp1 the Deep Elf Conjurer began the quest for the Orb.
     0 | D:1      | Reached XP level 1. HP: 10/10 MP: 6/6
   147 | D:1      | Reached XP level 2. HP: 15/15 MP: 2/8
   698 | D:2      | Learned a level 2 spell: Searing Ray
  1054 | D:2      | Reached XP level 3. HP: 19/19 MP: 6/11
  1060 | D:2      | Reached skill level 5 in Spellcasting
  1913 | D:3      | Reached skill level 5 in Conjurations
  2070 | D:3      | Reached XP level 4. HP: 24/24 MP: 9/13
  2617 | D:4      | Noticed Robin
  2623 | D:4      | Killed Robin
  2623 | D:4      | Reached skill level 6 in Conjurations
  2623 | D:4      | Reached XP level 5. HP: 28/28 MP: 6/14
  2651 | D:3      | Learned a level 5 spell: Iskenderun's Battlesphere
  2819 | D:4      | Noticed Sigmund
  2975 | D:4      | Noticed Grinder
  3004 | D:4      | Reached skill level 7 in Conjurations
  3037 | D:4      | Reached skill level 1 in Charms
  3037 | D:4      | Reached XP level 6. HP: 32/32 MP: 6/15
  3047 | D:4      | Got a warped spear {speed}
  3425 | D:4      | Killed Grinder
  3425 | D:4      | Reached XP level 7. HP: 36/36 MP: 7/16
  3599 | D:4      | Reached skill level 8 in Charms
  3610 | D:4      | Found a sparkling altar of Nemelex Xobeh.
  3665 | D:4      | Killed Sigmund
  3761 | D:5      | Entered Level 5 of the Dungeon
  3798 | D:5      | Found a glowing golden altar of the Shining One.
  3799 | D:5      | Found a snail-covered altar of Cheibriados.
  3891 | D:5      | Found Biumius's Book Emporium.
  4033 | D:5      | Reached XP level 8. HP: 36/41 MP: 6/21
  4572 | D:6      | Reached skill level 9 in Spellcasting
  4575 | D:6      | Noticed Prince Ribbit
  4771 | D:6      | Found a shattered altar of Ashenzari.
  4794 | D:6      | Noticed Pikel
  4810 | D:6      | Killed Pikel
  4810 | D:6      | Reached skill level 11 in Spellcasting
  4891 | D:6      | Killed Prince Ribbit
  4891 | D:6      | Reached XP level 9. HP: 45/45 MP: 14/26
  4963 | D:6      | Reached skill level 12 in Spellcasting
  5289 | D:6      | Found Qam Elup's Food Emporium.
  5351 | D:6      | Identified the +4 spear of Theory {speed, rF+} (You took it off an orc wizard on level 4 of the Dungeon)
  5501 | D:6      | Gained mutation: You regenerate slowly when monsters are visible. [mutagenic meat]
  5502 | D:6      | Gained mutation: Scrolls take you a little longer to read. [mutagenic meat]
  5533 | D:6      | Noticed Crazy Yiuf
  5539 | D:6      | Killed Crazy Yiuf
  5906 | D:6      | Found Qam Elup's Food Emporium.
  5908 | D:6      | Found a shattered altar of Ashenzari.
  6315 | D:7      | Reached skill level 13 in Spellcasting
  6434 | D:7      | Found a staircase to the Ecumenical Temple.
  6443 | Temple   | Entered the Ecumenical Temple
  6593 | Temple   | Became a worshipper of Vehumet
  6731 | D:7      | Noticed cireshan's ghost (novice DECj)
  6738 | D:7      | Killed cireshan's ghost
  6746 | D:7      | Reached skill level 14 in Spellcasting
  6981 | D:7      | Found a blossoming altar of Fedhas.
  7713 | D:8      | Reached skill level 15 in Spellcasting
  7741 | D:8      | Reached XP level 10. HP: 50/50 MP: 20/31
  7810 | D:8      | Found a shimmering altar of Xom.
  7811 | D:8      | Found a white marble altar of Elyvilon.
  7811 | D:8      | Found an iron altar of Okawaru.
  7885 | D:8      | Found an opulent altar of Gozag.
  8080 | D:8      | Reached * piety under Vehumet
  8080 | D:8      | Offered knowledge of Flame Tongue by Vehumet.
  8083 | D:8      | Learned a level 1 spell: Flame Tongue
  8107 | D:8      | Found a bloodstained altar of Trog.
  8111 | D:8      | Reached skill level 1 in Fire Magic
  8350 | D:8      | Gained mutation: You have a beak for a mouth. [potion of mutation]
  8350 | D:8      | Gained mutation: You are frail (-10% HP). [potion of mutation]
  8350 | D:8      | Gained mutation: You have sharp toenails. [potion of mutation]
  8351 | D:8      | Gained mutation: You are agile. (Dex +2) [potion of mutation]
  8351 | D:8      | Gained mutation: Your flesh is cold resistant. [potion of mutation]
  8351 | D:8      | Gained mutation: You have razor-sharp toenails. [potion of mutation]
  8352 | D:8      | Gained mutation: You can spit weak poison. [potion of mutation]
  8352 | D:8      | Lost mutation: You regenerate slowly when monsters are visible. [potion of mutation]
  8398 | D:8      | Learned a level 3 spell: Mephitic Cloud
  8401 | D:8      | Learned a level 2 spell: Cure Poison
  8407 | D:8      | Learned a level 5 spell: Venom Bolt
  8539 | D:8      | Found a bloodstained altar of Trog.
  8626 | D:8      | Reached skill level 1 in Poison Magic
  8693 | D:8      | Found a white marble altar of Elyvilon.
  8694 | D:8      | Found an opulent altar of Gozag.
  8695 | D:8      | Found an iron altar of Okawaru.
  8706 | D:8      | Found a shimmering altar of Xom.
  9159 | D:9      | Found a staircase to the Orcish Mines.
  9176 | D:9      | Found a roughly hewn altar of Beogh.
  9473 | D:9      | Reached skill level 5 in Fire Magic
  9489 | D:9      | Reached ** piety under Vehumet
  9490 | D:9      | Offered knowledge of Throw Flame by Vehumet.
  9564 | D:9      | Found a flagged portal.
 10069 | D:9      | Found a staircase to the Orcish Mines.
 10074 | D:9      | Found a roughly hewn altar of Beogh.
 10675 | D:10     | Entered Level 10 of the Dungeon
 11059 | D:10     | Offered knowledge of Throw Frost by Vehumet.
 11160 | D:10     | Got a crude trident
 11161 | D:10     | Identified the +2 trident "Lanekaerch" {pierce, rF+ rC+ MP+9 Str-3 Stlth+} (You found it on level 10 of the Dungeon)
 11286 | D:10     | Found a staircase to the Lair.
 11334 | Lair:1   | Entered Level 1 of the Lair of Beasts
 11395 | Lair:1   | Reached *** piety under Vehumet
 11395 | Lair:1   | Reached XP level 11. HP: 48/48 MP: 20/32
 11666 | Lair:1   | Noticed a black mamba
 11673 | Lair:1   | Killed a black mamba
 11716 | Lair:1   | Reached skill level 10 in Fire Magic
 11772 | Lair:1   | Offered knowledge of Static Discharge by Vehumet.
 11893 | Lair:1   | Reached skill level 5 in Dodging
 12031 | Lair:1   | Reached skill level 5 in Stealth
 12077 | Lair:1   | Noticed Gastronok
 12102 | Lair:1   | Killed from afar by Gastronok

Action                   |  1- 3 |  4- 6 |  7- 9 | 10-12 || total
-------------------------+-------+-------+-------+-------++-------
Melee: Trident           |       |       |       |     1 ||     1
 Cast: Magic Dart        |    93 |    68 |   163 |   201 ||   525
       Searing Ray       |     6 |    17 |    23 |     8 ||    54
       Iskenderun's Batt |       |       |    35 |    45 ||    80
       Venom Bolt        |       |       |       |    10 ||    10
 Abil: Spit Poison       |       |       |       |     1 ||     1
Evoke: Deck              |       |       |     1 |       ||     1
  Use: Scroll            |     3 |     4 |     2 |     9 ||    18
       Potion            |       |       |       |    10 ||    10
  Eat: Chunk             |     3 |     4 |    20 |    13 ||    40
       Fruit             |       |       |       |     2 ||     2
